 Dungeon Crawl Stone Soup version 0.20.0-6-gd3061e9 (webtiles) character file.

57879 mopl the Black Sun (level 14, -11/111 HPs)
             Began as a Mummy Necromancer on May 28, 2017.
             Was a High Priest of Kikubaaqudgha.
             Killed by dispel undead
             ... invoked by Josephine
              (49 damage)
             ... on level 2 of the Orcish Mines.
             The game lasted 01:42:25 (31556 turns).

mopl the Black Sun (Mummy Necromancer)             Turns: 31556, Time: 01:42:26

Health: -11/111    AC:  9    Str: 18    XL:     14   Next: 47%
Magic:  25/37      EV: 14    Int: 17    God:    Kikubaaqudgha [*****.]
Gold:   1329       SH:  0    Dex: 15    Spells: 1/34 levels left

rFire    . . .     SeeInvis .   a - +4 spear (pain)
rCold    + + .     Gourm    .   (no shield)
rNeg     + + +     Faith    +   q - +0 leather armour
rPois    ∞         Spirit   .   d - +0 helmet of the Empire {Str+7}
rElec    .         Reflect  .   i - scarf {rC+ rF+}
rCorr    .         Harm     .   S - +2 pair of gloves
MR       +....                  P - +1 pair of boots {Stlth+}
Stlth    +++.......             y - amulet of faith {!P}
Regen    0.3/turn               O - ring of magical power
MPRegen  0.3/turn               w - ring of flight

@: slowed, very slow
A: no food or potions, fire vulnerability, cold resistance 1, negative energy
resistance 3, torment resistance, unbreathing, in touch with death 1
a: Receive Corpses, Torment, Renounce Religion, Evoke Flight


You were on level 2 of the Orcish Mines.
You worshipped Kikubaaqudgha.
Kikubaaqudgha was extremely pleased with you.
You were not hungry.

You visited 4 branches of the dungeon, and saw 22 of its levels.
You also visited: Sewer and Volcano.

You collected 1879 gold pieces.
You spent 550 gold pieces at shops.

Inventory:

Hand Weapons
 a - a +4 spear of pain (weapon)
 X - a +0 blowgun
Missiles
 c - 5 silver tomahawks
 k - 25 tomahawks (quivered)
 D - 7 curare-tipped needles
Armour
 d - the +0 helmet of the Empire (worn) {Str+7}
   (You acquired it on level 1 of the Lair of Beasts)

   It affects your strength (+7).
 i - a scarf of resistance (worn)
 q - a +0 leather armour (worn)
 P - a +1 pair of boots of stealth (worn)
 S - a +2 pair of gloves (worn)
Magical Staves
 b - an uncursed staff of energy {!a}
 u - an uncursed staff of fire
Jewellery
 l - the ring "Mymp" {rPois rN+ MR+ Int+5 Slay-2}
   (You found it on level 1 of the Lair of Beasts)

   [ring of positive energy]

   It affects your intelligence (+5).
   It affects your accuracy and damage with ranged weapons and melee attacks
   (-2).
   It protects you from poison.
   It protects you from negative energy.
   It affects your resistance to hostile enchantments.
 w - a ring of flight (right hand)
 y - an amulet of faith (around neck) {!P}
 O - a ring of magical power (left hand)
 Z - the brooch of Shielding {Reflect SH+8}
   (You found it on level 6 of the Lair of Beasts)

   [amulet of reflection]

   It shields you and reflects attacks.
   It affects your SH (+8).
Wands
 h - a wand of iceblast (6/15)
 p - a wand of digging (12/24)
 v - a wand of polymorph (11/24)
 E - a wand of enslavement (3/24)
 R - a wand of clouds (1/9)
 T - a wand of lightning (1/15)
 Y - a wand of paralysis (10/24)
Scrolls
 e - 11 scrolls of remove curse
 f - 2 scrolls of torment {!r}
 g - 2 scrolls of blinking
 j - 7 scrolls of fear
 m - a scroll of immolation {!r}
 n - 2 scrolls of fog
 r - 2 scrolls of identify
 A - 3 scrolls of magic mapping
 F - 4 scrolls of vulnerability
 K - a scroll of summoning
 Q - 8 scrolls of teleportation
Books
 M - Kikubaaqudgha's Volume of Unholy Magic
   (Kikubaaqudgha gifted it to you on level 10 of the Dungeon)

   Spells                             Type                      Level
   a - Excruciating Wounds            Charms/Necromancy            5
   b - Agony                          Necromancy                   5
   c - Cigotuvi's Embrace             Necromancy                   5
   d - Dispel Undead                  Necromancy                   5
   e - Death Channel                  Necromancy                   6
Miscellaneous
 I - a box of beasts


   Skills:
 + Level 10.9 Fighting
 * Level 9.5 Polearms
 + Level 2.7 Armour
 + Level 3.9 Dodging
 - Level 1.5 Stealth
 + Level 10.5 Spellcasting
 - Level 4.0 Charms
 * Level 16.4 Necromancy
 + Level 2.9 Evocations


You had one spell level left.
You knew the following spells:

 Your Spells              Type           Power        Failure   Level  Hunger
a - Pain                  Necr           ####         0%          1    N/A
b - Vampiric Draining     Necr           #######...   1%          3    N/A
c - Corpse Rot            Necr           N/A          0%          2    N/A
d - Dispel Undead         Necr           #######.     1%          5    N/A
e - Blink                 Tloc           N/A          14%         2    N/A
n - Excruciating Wounds   Chrm/Necr      ######....   4%          5    N/A
x - Animate Skeleton      Necr           N/A          0%          1    N/A
C - Control Undead        Necr           #######...   1%          4    N/A
D - Death Channel         Necr           #######...   1%          6    N/A
X - Animate Dead          Necr           N/A          1%          4    N/A

Dungeon Overview and Level Annotations

Branches:
Dungeon (13/15)            Temple (1/1) D:7            Lair (6/6) D:8
 Shoals (0/4) Lair:4        Snake (0/4) Lair:2        Slime (0/5) Lair:6
    Orc (2/2) D:9             Elf (0/3) Orc:2
 Vaults: D:13-14

Altars:
Ashenzari
Cheibriados
Dithmenos
Elyvilon
Fedhas
Gozag
Hepliaklqana
Kikubaaqudgha
Makhleb
Nemelex Xobeh
Okawaru
Qazlal
Ru
Sif Muna
Trog
Uskayaw
Vehumet
Xom
Yredelemnul
Zin
The Shining One
Jiyva

Shops:
D:4 (   D:7 %   D:8 =!::   D:12 !*![[   Orc:2 }

Annotations:
D:3 bb
D:6 dig
Lair:4 exclusion: 3 oklob plants
Orc:2 Josephine


Innate Abilities, Weirdness & Mutations

You do not eat or drink.
Your flesh is vulnerable to fire.
You are immune to poison.
Your flesh is cold resistant. (rC+)
You are immune to negative energy. (rN+++)
You are immune to unholy pain and torment.
You can survive without breathing.
You are in touch with the powers of death.


Message History

The wraith closely misses you.
Casting: Excruciating Wounds
Confirm with . or Enter, or press ? or * to list all spells.
Okay, then.
The wraith hits you. The wraith drains your vigour!
You feel yourself slow down. Josephine misses you.
You climb downwards.
There is a stone staircase leading up here.
Unknown command.
Unknown command.
Unknown command.
Casting: Excruciating Wounds
Confirm with . or Enter, or press ? or * to list all spells.
You don't know that spell.
Josephine is no longer moving slowly.
Your orc zombie hits Josephine but does no damage.
Josephine gestures at you while chanting.
You convulse!
You die...
Kikubaaqudgha rasps: "You have failed me!
Welcome... oblivion!"

....∩........#.##......
..#...#.......#.###.....
...#.#...........#.......
........#................
........#..........<..#..
........###...).....##
##...#### ##Z..Z....#
#....# ##..@Z.### .....#
##.W@## ##..## ###.# ###
###


You could see Josephine, a wraith, a friendly orc zombie and 2 friendly ogre
skeletons.

Vanquished Creatures
  The ghost of anfisbena the Severer, a journeyman HOFi of Uskayaw (Lair:6)
  The ghost of zhorgal the Bludgeoner, a journeyman MiFi of Ru (Volcano)
  A stone giant (Orc:1)
  A fire dragon (Lair:6)
  2 catoblepae
  5 two-headed ogres
  5 death yaks
  An orc high priest (Orc:1)
  An unseen horror (D:10)
  A lindwurm (Lair:6)
  An orc knight (Orc:2)
  A cyclops (Orc:1)
  2 ugly things
  An orc sorcerer (Orc:1)
  A manticore (Lair:6)
  4 elephants
  Maurice (D:12)
  3 black mambas
  8 spiny frogs
  2 rime drakes (Lair:6)
  A torpor snail (Lair:6)
  A freezing wraith (D:11)
  9 komodo dragons
  4 trolls
  2 hornets
  3 blink frogs
  A snapping turtle (Lair:4)
  9 hippogriffs
  2 dream sheep (Lair:6)
  A spriggan (Lair:4)
  A shadow (D:12)
  A wyvern (D:9)
  A wraith (D:13)
  A vampire (D:11)
  3 fire bats (Lair:2)
  52 yaks
  2 hungry ghosts
  Eustachio (D:4)
  5 basilisks
  A steam dragon (Lair:6)
  A warg (Orc:1)
  An acid dragon (Lair:6)
  8 water moccasins
  7 porcupines
  13 orc warriors
  A phantom (D:9)
  5 ice beasts
  A black bear (Lair:2)
  4 sky beasts
  2 swamp drakes (Lair:6)
  An eye of draining (D:13)
  7 ogres
  4 centaurs
  31 wolves
  8 crocodiles
  7 big kobolds
  17 bullfrogs
  3 scorpions
  2 wyvern skeletons
  5 killer bees
  12 howler monkeys
  An electric eel (Lair:4)
  8 wights (D:8)
  2 crimson imps
  A lava snake (Volcano)
  10 hounds
  A quasit (D:13)
  4 jellies
  11 orc priests
  11 orc wizards
  2 bullfrog skeletons
  A centaur skeleton (D:10)
  8 iguanas
  A hell rat (Lair:6)
  11 worker ants
  2 hound zombies
  A worker ant zombie (D:7)
  A gnoll (D:1)
  23 adders
  A river rat (Sewer)
  6 shadow imps
  4 oozes
  7 worms
  3 dart slugs
  6 leopard geckos
  70 orcs
  7 ball pythons
  5 giant cockroaches
  3 goblins
  2 hobgoblins
  12 jackals
  30 kobolds
  8 quokkas
  13 bats
  9 frilled lizards
  A quokka skeleton (D:6)
  A quokka zombie (D:8)
  9 rats
  A butterfly (Lair:2)
  A plant (Lair:2)
582 creatures vanquished.

Vanquished Creatures (collateral kills)
  A minotaur (shapeshifter) (D:13)
  4 hydras
  2 two-headed ogres
  A swamp dragon (Lair:6)
  A deep elf mage (D:11)
  An ugly thing (D:11)
  A manticore (Lair:6)
  3 elephants (Lair:2)
  Joseph (D:9)
  A gargoyle (D:10)
  2 spiny frogs
  A kobold demonologist (D:12)
  3 rime drakes
  A polar bear (Lair:3)
  2 dream sheep (Lair:6)
  A meliai zombie (D:10)
  4 hippogriffs
  4 blink frogs
  16 yaks
  A basilisk (Lair:6)
  An acid dragon (Lair:6)
  2 water moccasins
  A porcupine (Lair:3)
  2 orc warriors (Orc:1)
  2 wolves
  A crocodile (Lair:6)
  A big kobold (D:12)
  A bullfrog (D:6)
  7 wights
  2 howler monkeys (D:10)
  2 crimson imps
  2 orc priests
  4 orc wizards
  A centaur skeleton (D:7)
  An iguana (Lair:6)
  A worker ant (D:13)
  An adder (D:5)
  A shadow imp (D:6)
  2 oozes
  2 worms
  4 orcs
  3 jackals
  2 frilled lizards
  6 kobolds
  A leopard gecko skeleton (D:5)
  2 fungi
  2 plants (Lair:5)
108 creatures vanquished.

Vanquished Creatures (others)
  A hornet (D:12)
  6 fungi (Lair:6)
  7 plants
14 creatures vanquished.

Grand Total: 704 creatures vanquished

Notes
Turn   | Place    | Note
-------+----------+-------------------------------------------
     0 | D:1      | mopl the Mummy Necromancer began the quest for the Orb.
     0 | D:1      | Reached XP level 1. HP: 13/13 MP: 4/4
     2 | D:1      | Learned a level 1 spell: Animate Skeleton
   430 | D:1      | Reached skill level 3 in Spellcasting
   478 | D:1      | Reached XP level 2. HP: 19/19 MP: 3/6
   919 | D:2      | Reached XP level 3. HP: 22/24 MP: 5/7
   924 | D:2      | Learned a level 3 spell: Vampiric Draining
  1483 | D:2      | Reached skill level 5 in Necromancy
  1740 | D:2      | Reached XP level 4. HP: 25/30 MP: 4/9
  2193 | D:3      | Noticed an ice beast
  2342 | D:3      | Reached skill level 4 in Spellcasting
  2678 | D:3      | Noticed an ogre
  2969 | D:4      | Reached XP level 5. HP: 32/35 MP: 3/11
  3046 | D:4      | Found a snail-covered altar of Cheibriados.
  3089 | D:4      | Reached skill level 6 in Necromancy
  3286 | D:4      | Noticed an ogre
  3664 | D:2      | Killed an ice beast
  3664 | D:2      | Reached skill level 5 in Spellcasting
  3664 | D:2      | Reached XP level 6. HP: 25/41 MP: 3/13
  3908 | D:4      | Found Mara's Weapon Shop.
  4080 | D:4      | Noticed Eustachio
  4095 | D:4      | Killed Eustachio
  4095 | D:4      | Reached skill level 7 in Necromancy
  4450 | D:3      | Learned a level 4 spell: Control Undead
  4543 | D:4      | Reached XP level 7. HP: 46/46 MP: 13/15
  4604 | D:4      | HP: 1/46 [ogre/giant club (31)]
  5090 | D:5      | Entered Level 5 of the Dungeon
  5111 | D:5      | Reached skill level 6 in Spellcasting
  5289 | D:5      | Found a glowing drain.
  5305 | D:5      | Reached skill level 8 in Necromancy
  5392 | Sewer    | Entered a sewer
  5824 | Sewer    | Reached skill level 7 in Spellcasting
  5824 | Sewer    | Reached XP level 8. HP: 40/52 MP: 6/18
  6328 | D:5      | Reached skill level 1 in Fighting
  6368 | D:5      | Reached skill level 9 in Necromancy
  6594 | D:5      | Reached skill level 2 in Fighting
  6610 | D:5      | Found a glowing golden altar of the Shining One.
  6969 | D:6      | Reached skill level 3 in Fighting
  6974 | D:6      | Reached skill level 10 in Necromancy
  7714 | D:6      | Reached skill level 1 in Polearms
  7714 | D:6      | Reached XP level 9. HP: 49/65 MP: 19/19
  7905 | D:6      | Reached skill level 4 in Fighting
  8142 | D:7      | Found a sacrificial altar of Ru.
  8182 | D:7      | Found a glowing golden altar of the Shining One.
  8215 | D:7      | Found Vawkelow's Food Shop.
  8607 | D:7      | Found a staircase to the Ecumenical Temple.
  8614 | Temple   | Entered the Ecumenical Temple
  8635 | Temple   | Became a worshipper of Kikubaaqudgha
  8785 | D:7      | Reached skill level 2 in Polearms
  9061 | D:8      | Found Uwkuss's Distillery.
  9232 | D:8      | Noticed a two-headed ogre
  9250 | D:8      | Killed a two-headed ogre
  9250 | D:8      | Reached skill level 5 in Fighting
  9250 | D:8      | Reached skill level 3 in Polearms
  9250 | D:8      | Reached skill level 11 in Necromancy
  9610 | D:8      | Reached * piety under Kikubaaqudgha
  9610 | D:8      | Identified Kikubaaqudgha's Catalogue of Evil (Kikubaaqudgha gifted it to you on level 8 of the Dungeon)
  9610 | D:8      | Received a gift from Kikubaaqudgha
  9775 | D:7      | Learned a level 2 spell: Corpse Rot
  9803 | D:8      | Noticed a death yak
  9814 | D:8      | Noticed a death yak
 10115 | D:8      | Learned a level 4 spell: Animate Dead
 10292 | D:8      | Noticed a two-headed ogre
 10316 | D:8      | Killed a two-headed ogre
 10316 | D:8      | Reached XP level 10. HP: 30/76 MP: 5/20
 10339 | D:8      | Found a glowing golden altar of the Shining One.
 10445 | D:8      | Noticed a death yak
 10474 | D:8      | Killed a death yak
 10474 | D:8      | Reached skill level 6 in Fighting
 10474 | D:8      | Reached skill level 4 in Polearms
 10474 | D:8      | Reached skill level 12 in Necromancy
 10896 | D:8      | Reached ** piety under Kikubaaqudgha
 11264 | D:8      | Found a staircase to the Lair.
 11342 | D:8      | Killed a death yak
 11475 | D:8      | Found Linnyina's Jewellery Shoppe.
 11525 | D:8      | Found Edeu's Book Shop.
 11559 | D:8      | Found Qaijonu's Book Shoppe.
 11908 | D:8      | Found a hazy altar of Hepliaklqana.
 12332 | D:9      | Reached skill level 5 in Polearms
 12495 | D:9      | Noticed Joseph
 12620 | D:9      | Killed Joseph
 12620 | D:9      | Reached skill level 7 in Fighting
 13059 | D:9      | Noticed a green ugly thing
 13071 | D:9      | Killed a green ugly thing
 13071 | D:9      | Reached skill level 13 in Necromancy
 13106 | D:9      | Reached XP level 11. HP: 22/84 MP: 2/21
 13281 | D:9      | Found a bloodstained altar of Trog.
 13798 | D:9      | Found a staircase to the Orcish Mines.
 14102 | D:10     | Entered Level 10 of the Dungeon
 14224 | D:10     | You fall through a shaft for 3 floors!
 14390 | D:13     | Noticed a two-headed ogre
 14406 | D:13     | Killed a two-headed ogre
 15076 | D:13     | Noticed a two-headed ogre
 15092 | D:13     | Killed a two-headed ogre
 15144 | D:12     | Found Loeciojo's Distillery.
 15161 | D:12     | Reached skill level 6 in Polearms
 15290 | D:12     | Reached skill level 8 in Fighting
 15522 | D:13     | Noticed a minotaur
 15546 | D:13     | Noticed a tengu warrior
 15553 | D:13     | Killed a minotaur
 15655 | D:12     | Found a blossoming altar of Fedhas.
 16080 | D:10     | Reached *** piety under Kikubaaqudgha
 16080 | D:10     | Identified Kikubaaqudgha's Volume of Unholy Magic (Kikubaaqudgha gifted it to you on level 10 of the Dungeon)
 16080 | D:10     | Received a gift from Kikubaaqudgha
 16110 | D:10     | Learned a level 5 spell: Dispel Undead
 16244 | D:10     | Noticed a two-headed ogre
 16275 | D:10     | Killed a two-headed ogre
 16275 | D:10     | Reached skill level 14 in Necromancy
 17374 | D:11     | Learned a level 5 spell: Excruciating Wounds
 17429 | D:11     | Noticed a purple ugly thing
 17454 | D:11     | Killed a purple ugly thing
 17781 | D:11     | Reached XP level 12. HP: 94/94 MP: 7/23
 17884 | D:10     | Reached skill level 1 in Charms
 18085 | D:10     | Noticed a two-headed ogre
 18389 | D:10     | Reached **** piety under Kikubaaqudgha
 18430 | D:10     | Killed a two-headed ogre
 18507 | D:10     | Reached skill level 9 in Fighting
 18707 | D:12     | Found Moloar's Antique Armour Shoppe.
 18715 | D:12     | Bought a pair of embroidered boots for 210 gold pieces
 18727 | D:12     | Noticed Maurice
 18728 | D:12     | Reached skill level 8 in Spellcasting
 18741 | D:12     | Killed Maurice
 18787 | D:12     | Found an ancient bone altar of Kikubaaqudgha.
 18914 | D:12     | Reached skill level 7 in Polearms
 18983 | D:12     | Found Astroaneu's Armour Shop.
 19617 | D:11     | Noticed a two-headed ogre
 19630 | D:11     | Killed a two-headed ogre
 19630 | D:11     | Reached skill level 2 in Charms
 19819 | D:12     | Found Lyhippog's Assorted Antiques.
 19825 | D:12     | Found Wugek's Distillery.
 19827 | D:12     | Bought a scroll labeled OTHIES UWOK for 34 gold pieces
 19827 | D:12     | Bought a sharpened brass wand for 136 gold pieces
 19827 | D:12     | Bought a scroll of fog for 68 gold pieces
 19827 | D:12     | Bought a scroll of teleportation for 102 gold pieces
 19911 | D:12     | Reached skill level 15 in Necromancy
 20008 | D:13     | Noticed a six-headed hydra
 20056 | D:13     | Killed a six-headed hydra
 20115 | D:13     | Noticed a vault guard
 20260 | Lair:1   | Entered Level 1 of the Lair of Beasts
 20413 | Lair:1   | Got a twisted helmet
 20424 | Lair:1   | Identified the +0 helmet of the Empire {Str+7} (You acquired it on level 1 of the Lair of Beasts)
 20476 | Lair:1   | Got a smoking iron ring
 20501 | Lair:1   | Identified the ring "Mymp" {rPois rN+ MR+ Int+5 Slay-2} (You found it on level 1 of the Lair of Beasts)
 20667 | Lair:1   | Reached skill level 3 in Charms
 20907 | Lair:1   | Reached skill level 9 in Spellcasting
 21442 | Lair:2   | Noticed a catoblepas
 21660 | Lair:2   | Reached ***** piety under Kikubaaqudgha
 21672 | Lair:2   | Found a dark tunnel.
 21808 | Volcano  | Entered a volcano
 21912 | Volcano  | Noticed zhorgal's ghost (journeyman MiFi)
 21928 | Volcano  | Killed zhorgal's ghost
 21928 | Volcano  | Reached skill level 10 in Fighting
 21928 | Volcano  | Gained mutation: You are in touch with the powers of death. [Mummy growth]
 21928 | Volcano  | Reached XP level 13. HP: 24/103 MP: 8/26
 22225 | Volcano  | Found a bloodstained altar of Trog.
 22246 | Volcano  | HP: 1/103 [something/ball of steam (14)]
 23046 | Lair:2   | Found a staircase to the Snake Pit.
 23075 | Lair:2   | HP: 4/103 [catoblepas (21)]
 23558 | Lair:2   | Reached skill level 4 in Charms
 24126 | Lair:3   | Reached skill level 8 in Polearms
 24562 | Lair:3   | Reached skill level 2 in Dodging
 24620 | Lair:3   | Reached skill level 1 in Armour
 24620 | Lair:3   | Reached skill level 1 in Evocations
 26061 | Lair:4   | Found a staircase to the Shoals.
 26484 | Lair:5   | Reached skill level 10 in Spellcasting
 26503 | Lair:5   | Learned a level 6 spell: Death Channel
 27088 | Lair:6   | Entered Level 6 of the Lair of Beasts
 27116 | Lair:6   | Noticed anfisbena's ghost (journeyman HOFi)
 27118 | Lair:6   | Reached skill level 16 in Necromancy
 27132 | Lair:6   | Killed anfisbena's ghost
 27378 | Lair:6   | Reached skill level 3 in Dodging
 27961 | Lair:6   | Noticed a fire dragon
 27975 | Lair:6   | Killed a fire dragon
 27975 | Lair:6   | Reached XP level 14. HP: 52/111 MP: 25/28
 27980 | Lair:6   | Reached skill level 2 in Evocations
 28260 | Lair:6   | Reached skill level 9 in Polearms
 28342 | Lair:6   | Learned a level 2 spell: Blink
 28634 | Lair:6   | Reached skill level 2 in Armour
 29326 | Lair:6   | Found a runed door.
 29327 | Lair:6   | Found a viscous altar of Jiyva.
 29328 | Lair:6   | Found a staircase to the Slime Pits.
 29886 | Orc:1    | Entered Level 1 of the Orcish Mines
 30133 | Orc:2    | Entered Level 2 of the Orcish Mines
 30133 | Orc:2    | Found Xoraare's Quality Used Wands.
 30230 | D:9      | HP: 4/111 [something (4)]
 30689 | Orc:2    | Noticed a stone giant
 30847 | Orc:2    | HP: 5/111 [orc priest/divine providence (10)]
 31256 | Orc:1    | Killed a stone giant
 31512 | Orc:2    | Found a staircase to the Elven Halls.
 31528 | Orc:1    | Noticed Josephine
 31556 | Orc:2    | Killed from afar by Josephine

Skill      XL: |  1  2  3  4  5  6  7  8  9 10 11 12 13 14 |
---------------+-------------------------------------------+-----
Spellcasting   | 3 4 5 7 9 10 | 10.5
Necromancy     | 5 6 7 8 10 11 13 14 15 16 | 16.4
Fighting       | 3 5 7 8 10 | 10.9
Polearms       | 1 3 5 6 7 8 9 |  9.5
Charms         | 3 4 |  4.0
Dodging        | 3 |  3.9
Armour         | 1 2 |  2.7
Evocations     | 1 2 |  2.9
Stealth        | |  1.5

Action                   |  1- 3 |  4- 6 |  7- 9 | 10-12 | 13-15 || total
-------------------------+-------+-------+-------+-------+-------++-------
Melee: Spear             |    82 |    96 |   487 |   820 |   611 ||  2096
Throw: Tomahawk          |       |       |       |    10 |       ||    10
 Cast: Pain              |    57 |    87 |   223 |   154 |    31 ||   552
       Animate Skeleton  |     4 |     9 |    27 |    21 |     7 ||    68
       Vampiric Draining |     1 |     7 |    46 |   139 |   111 ||   304
       Control Undead    |       |     1 |     7 |    24 |     3 ||    35
       Corpse Rot        |       |       |     3 |    34 |    16 ||    53
       Animate Dead      |       |       |       |    23 |    24 ||    47
       Dispel Undead     |       |       |       |    12 |     5 ||    17
       Excruciating Woun |       |       |       |    23 |    62 ||    85
       Death Channel     |       |       |       |       |     1 ||     1
Invok: Receive Corpses   |       |       |       |    19 |    15 ||    34
 Abil: Evoke Flight      |       |       |       |     1 |     2 ||     3
Evoke: Wand              |       |       |       |     9 |     1 ||    10
       Staff of energy   |       |       |       |       |    17 ||    17
  Use: Scroll            |     4 |     2 |     7 |    11 |    13 ||    37
 Stab: Sleeping          |     6 |     3 |       |     1 |     3 ||    13
       Distracted        |       |     1 |     1 |     5 |     2 ||     9
       Betrayed ally     |       |       |     2 |     1 |       ||     3
       Paralysed         |       |       |     2 |       |       ||     2
       Confused          |       |       |       |       |     1 ||     1
Armor: Robe              |    21 |    24 |    14 |       |       ||    59
       Leather armour    |       |       |    78 |   192 |   127 ||   397
Dodge: Dodged            |    70 |    90 |   294 |   488 |   304 ||  1246
